Map: Cyber Forest LE

Players

Madcoat

  • Race: Protoss Protoss
  • League: Gold
  • Spawn Location: 11:00

Railgun - Winner!

  • Race: Terran Terran
  • Spawn Location: 5:00

VOD

Have the link to the VOD?

Description

Time

  • Played on: Feb. 21, 2019, 9 p.m.
  • Length: 10:06
Show
View Real Time Build Order
Export as new Build Order

Madcoat Protoss 

Build Orders:  

Get SALT Encoding   

  12  0:00  Probe  
  13  0:13  Probe  
  14  0:20  Pylon  
  14  0:25  Probe  
  15  0:36  Probe  
  15  0:42  Gateway  
  16  0:44  Probe  
  17  0:50  Assimilator  
  17  0:59  Gateway  
  17  1:01  Probe  
  18  1:10  Assimilator  
  18  1:14  Probe  
  19  1:22  Probe  
  19  1:31  Probe  
  19  1:32  Cybernetics Core  
  20  1:36  Pylon  
  21  1:43  Probe  
  22  1:55  Probe  
  23  2:07  Probe  
  24  2:09  Warp Gate  
  24  2:13  Adept  
  24  2:14  Adept  
  27  2:23  Robotics Facility  
  27  2:32  Pylon  
  27  2:39  Probe  
  29  2:51  Probe  
  29  2:57  Nexus  
  26  3:41  Probe  
  26  3:43  Warp Prism  
  29  3:49  Probe  
  29  3:53  Shield Battery  
  30  3:59  Probe  
  30  4:11  Probe  
  30  4:12  Stalker  
  33  4:17  Pylon  
  33  4:20  Probe  
  33  4:21  Pylon  
  33  4:22  Probe  
  34  4:29  Probe  
  34  4:30  Probe  
  35  4:33  Stalker  
  35  4:38  Probe  
  38  4:39  Probe, Pylon  
  40  4:48  Gateway  
  40  4:50  Gateway, Probe  
  41  4:56  Immortal  
  45  5:01  Probe  
  45  5:04  Shield Battery  
  45  5:05  Probe  
  47  5:09  Probe  
  48  5:17  Probe  
  48  5:19  Probe  
  49  5:26  Probe  
  49  5:28  Probe  
  50  5:34  Probe  
  52  5:36  Probe, Assimilator  
  52  5:37  Assimilator  
  54  5:43  Probe  
  55  6:08  Twilight Council  
  55  6:09  Forge  
  56  6:11  Forge, Observer  
  56  6:25  Pylon  
  56  6:30  Pylon  
  56  6:33  Pylon  
  56  6:40  Probe x2  
  58  6:49  Protoss Ground Weapons Level 1, Protoss Ground Armor Level 1  
  58  6:51  Charge  
  58  6:52  Probe x2  
  60  6:59  Stalker  
  60  7:00  Sentry x2  
  66  7:10  Immortal  
  66  7:14  Nexus  
  70  7:16  Assimilator  
  70  7:19  Robotics Bay  
  70  7:20  Assimilator  
  70  7:22  Templar Archives  
  70  7:24  Gateway  
  70  7:27  Gateway  
  70  7:28  Sentry x2, Gateway  
  74  7:30  Stalker x2  
  75  7:55  Zealot x4  
  81  8:19  Extended Thermal Lance  
  71  8:27  Colossus  
  71  8:30  Zealot x2  
  53  8:48  Stalker x3  
  42  8:57  High Templar x2  
  43  9:03  Archon  
  43  9:35  Zealot x5  
Show
View Real Time Build Order
Export as new Build Order

Railgun Terran - Winner!

Build Orders: Reaper Expand 

Get SALT Encoding   

  12  0:00  SCV  
  13  0:12  SCV  
  14  0:17  Supply Depot  
  14  0:24  SCV  
  15  0:39  SCV  
  15  0:40  Barracks  
  16  0:45  Refinery  
  16  0:51  SCV  
  17  1:03  SCV  
  18  1:15  SCV  
  19  1:28  Orbital Command  
  19  1:32  Reaper  
  20  1:51  Command Center  
  20  1:54  SCV  
  20  1:58  Supply Depot  
  21  2:16  SCV  
  21  2:20  Barracks  
  21  2:21  Barracks  
  22  2:23  Marine  
  22  2:28  SCV  
  24  2:37  Bunker  
  24  2:40  SCV  
  24  2:41  Marine  
  26  2:52  SCV  
  27  3:02  Barracks Tech Lab  
  27  3:04  Refinery, SCV  
  27  3:05  SCV  
  29  3:16  SCV  
  29  3:19  Orbital Command  
  30  3:21  Marine  
  30  3:22  Marine x2  
  33  3:28  SCV  
  34  3:38  Stimpack  
  34  3:39  Marine x3  
  34  3:40  SCV  
  38  3:48  SCV  
  39  3:50  Supply Depot  
  39  3:52  SCV  
  40  3:57  Factory, Marine  
  40  4:00  SCV  
  42  4:04  SCV  
  42  4:09  Marine x2  
  45  4:12  SCV  
  45  4:15  Refinery  
  45  4:16  Refinery  
  45  4:17  SCV  
  47  4:24  SCV  
  47  4:27  Supply Depot x2  
  47  4:29  SCV  
  49  4:34  Marine x3  
  49  4:36  SCV  
  53  4:41  SCV  
  53  4:43  Starport  
  54  4:48  SCV, Ghost Academy  
  54  4:52  Marine x2  
  57  4:53  SCV  
  57  4:55  Supply Depot x2  
  57  4:58  Factory Reactor  
  58  5:00  SCV  
  58  5:05  SCV  
  60  5:13  SCV  
  61  5:17  SCV  
  61  5:21  Barracks Tech Lab, Barracks Reactor, Ghost  
  62  5:25  SCV  
  62  5:28  Supply Depot  
  65  5:29  SCV  
  66  5:37  SCV  
  66  5:41  SCV  
  68  5:43  Combat Shield, Ghost  
  68  5:49  SCV  
  70  5:50  Ghost  
  70  5:52  Supply Depot  
  70  5:53  SCV  
  70  5:55  Medivac  
  70  5:56  Medivac  
  77  6:02  SCV  
  77  6:03  Marine x2  
  80  6:04  Barracks x2, Concussive Shells  
  80  6:06  SCV  
  81  6:13  Marauder  
  81  6:14  SCV, Supply Depot  
  81  6:16  Nuke  
  81  6:18  SCV  
  85  6:23  Marauder, Marine x2  
  89  6:25  Medivac  
  89  6:26  Medivac  
  89  6:27  SCV  
  89  6:30  SCV  
  95  6:34  Marine  
  95  6:36  Supply Depot  
  95  6:37  Supply Depot  
  95  6:39  SCV  
  97  6:40  Marine  
  97  6:42  SCV, Marine  
  97  6:44  Marauder  
  102  6:51  Engineering Bay, SCV  
  102  6:52  Engineering Bay, Marine  
  102  6:53  Barracks Tech Lab, Barracks Reactor  
  104  6:54  SCV  
  105  7:03  SCV  
  105  7:06  SCV  
  107  7:13  Marauder, Marine x2  
  107  7:14  Marauder x2, Medivac x2  
  119  7:16  SCV, Supply Depot  
  119  7:18  Terran Infantry Weapons Level 1  
  119  7:19  Terran Infantry Armor Level 1  
  119  7:20  Supply Depot  
  120  7:25  SCV  
  120  7:29  SCV  
  122  7:31  Marine x2  
  123  7:53  Marine  
  123  7:54  Marauder x3, Medivac x2, Marine x3  
  137  8:11  Nuke, Marine x3  
  139  8:15  Marauder  
  139  8:16  Marauder  
  140  8:25  Marauder  
  142  8:28  Marine  
  142  8:29  Marine  
  142  8:31  Supply Depot x2  
  142  8:32  Supply Depot  
  142  8:34  Marine  
  142  8:36  Marauder  
  142  8:37  Marauder  
  147  8:46  Marauder  
  149  8:48  Marine  
  149  8:52  Marine  
  149  8:53  Medivac x2  
  155  8:58  Marauder  
  155  8:59  Marauder  
  159  9:03  Marine x2  
  159  9:07  Marauder  
  159  9:09  Marine  
  164  9:10  Marine  
  164  9:15  Armory  
  164  9:16  Command Center  
  143  9:19  Marauder  
  143  9:20  Marauder, Nuke, Marine  
  148  9:29  Marauder  
  148  9:31  Medivac, Marine x3  
  151  9:32  Medivac  
  157  9:41  Marauder  
  157  9:42  Missile Turret  
  157  9:43  Supply Depot  
  159  9:46  Missile Turret  
Tags
 
League
Gold
Matchup
PvT
Replay Pack
20190221
Spawn Locations
Cross Positions
Add a new tag
Caveats
  • Supply blocks, unpowered buildings, or Contaminate may cause inaccurate times.
  • Supply counts are checked every 10 seconds.